 Dungeon Crawl Stone Soup version 0.30.1-3-gfc49f6343a (webtiles) character file.

Game seed: 13280805768801709946

197154 GeoRichter the Warrior (level 17, -7/144 HPs)
             Began as a Demonspawn Chaos Knight on July 22, 2023.
             Was the Champion of Wu Jian.
             Killed from afar by a starcursed mass (8 damage)
             ... with an accursed screaming
             ... summoned by Mlioglotl
             ... on level 1 of the Snake Pit on July 23, 2023.
             The game lasted 01:15:04 (31488 turns).

GeoRichter the Warrior (Demonspawn Chaos Knight)   Turns: 31488, Time: 01:15:05

Health: -7/144     AC: 21    Str: 13    XL:     17   Next: 77%
Magic:  0/26       EV: 15    Int: 16    God:    Wu Jian [******]
Gold:   2328       SH:  6    Dex: 18    Spells: 22/28 levels left

rFire   + . .        g - +3 scimitar (flame)
rCold   + + .        A - +2 buckler
rNeg    . . .        S - +0 swamp dragon scales
rPois   +            (helmet unavailable)
rElec   .            Z - scarf {rC+ rF+}
rCorr   .            a - +2 pair of gloves
SInv    .            b - +1 pair of boots
Will    ++...        Q - amulet of guardian spirit
Stlth   +            r - +4 ring of protection
HPRegen 0.44/turn    N - ring of willpower
MPRegen 0.20/turn

%: guardian spirit
@: mighty, afraid, constricted
A: horns 3, yellow scales 2, foul stench 3, powered by death 2, bedeviling, cold
resistance 1, mutation resistance 1, screaming 1
}: 1/15 runes: decaying
a: Renounce Religion, Wall Jump, Serpent's Lash, Heavenly Storm


You were on level 1 of the Snake Pit.
You worshipped Wu Jian.
Wu Jian was exalted by your worship.
You visited 5 branches of the dungeon, and saw 27 of its levels.
You also visited: Bailey and Gauntlet.

You collected 3005 gold pieces.
You spent 677 gold pieces at shops.

Inventory:

Hand Weapons
 g - a +3 scimitar of flaming (weapon)
   (You took it off a wight on level 8 of the Dungeon)
 x - a +5 scimitar
   (You found it on level 12 of the Dungeon)
 O - a +4 great sword
   (You took it off a wight on level 8 of the Dungeon)
Missiles
 l - 9 silver javelins
Armour
 a - a +2 pair of gloves (worn)
   (You bought it in a shop on level 10 of the Dungeon)
 b - a +1 pair of boots (worn)
   (You found it on level 12 of the Dungeon)
 A - a +2 buckler (worn)
   (You found it on level 5 of the Dungeon)
 M - +0 acid dragon scales
   (You found it on level 10 of the Dungeon)
 S - +0 swamp dragon scales (worn)
   (You found it on level 3 of the Swamp)
 Z - a scarf of resistance (worn)
   (You found it in a Gauntlet)
Jewellery
 r - a +4 ring of protection (left hand)
   (You found it on level 4 of the Dungeon)
 N - a ring of willpower (right hand)
   (You found it on level 8 of the Dungeon)
 Q - an amulet of guardian spirit (around neck)
   (You found it on level 1 of the Lair of Beasts)
 W - the amulet of Selumorgh {+Inv rElec rF- Regen+ Int+3}
   (You found it in a Gauntlet)

   [amulet of regeneration]

   Int:       It affects your intelligence (+3).
   rF:        It makes you vulnerable to fire.
   rElec:     It insulates you from electricity.
   +Inv:      It lets you turn invisible.
   Regen:     It increases your rate of health regeneration.
Wands
 h - a wand of mindburst (29)
   (You took it off Joseph on level 7 of the Dungeon)
 s - a wand of iceblast (13)
   (You found it on level 4 of the Dungeon)
 t - a wand of flame (33)
   (You found it on level 5 of the Dungeon)
 y - a wand of paralysis (25)
   (You found it on level 5 of the Dungeon)
 z - a wand of acid (12)
   (You found it on level 5 of the Dungeon)
 F - a wand of polymorph (9)
   (You found it on level 3 of the Lair of Beasts)
Scrolls
 d - 5 scrolls of noise {!r}
 e - 11 scrolls of teleportation {@r4}
 i - 9 scrolls of identify {@r1}
 o - 5 scrolls of amnesia
 u - 2 scrolls of immolation {!r}
 w - 2 scrolls of torment {!r}
 B - 6 scrolls of vulnerability {!r}
 C - 4 scrolls of enchant weapon
 E - 5 scrolls of fear
 G - a scroll of brand weapon
 H - 4 scrolls of fog
 K - 8 scrolls of magic mapping
 L - 2 scrolls of blinking
 P - a scroll of poison {!r}
 T - 6 scrolls of enchant armour
Potions
 f - a potion of berserk rage
 j - 5 potions of might
 k - 7 potions of magic
 m - 3 potions of resistance
 n - 4 potions of mutation {!q}
 p - 9 potions of curing {@q1}
 q - 5 potions of haste {@q3}
 v - 6 potions of heal wounds {@q2}
 D - 7 potions of cancellation
 I - 7 potions of ambrosia
 J - 3 potions of brilliance
 R - 5 potions of flight
 U - 2 potions of attraction {!q}
 V - a potion of lignification {!q}
Miscellaneous
 c - a piece from Xom's chessboard (15/15)
 X - a lightning rod (4/4) {!a}
   (You found it on level 5 of the Lair of Beasts)
 Y - a phial of floods
   (You found it on level 1 of the Swamp)


   Skills:
 + Level 16.0 Fighting
 - Level 14.9 Long Blades
 - Level 3.6 Polearms
 - Level 6.0 Throwing
 + Level 6.6 Armour
 + Level 14.3 Dodging
 - Level 6.0 Spellcasting
 - Level 9.0 Translocations
 - Level 8.0 Evocations


You had 22 spell levels left.
You knew the following spells:

 Your Spells              Type           Power      Damage    Failure   Level
a - Blink                 Tloc           66%        N/A       1%          2
b - Manifold Assault      Tloc           33%        N/A       10%         4

Your spell library contained the following spells:

 Spells                   Type           Power      Damage    Failure   Level
 Lesser Beckoning         Tloc           66%        N/A       1%          2
 Gell's Gravitas          Tloc           33%        N/A       2%          3
 Teleport Other           Tloc           33%        N/A       2%          3
 Passage of Golubria      Tloc           33%        N/A       10%         4
 Portal Projectile        Hex/Tloc       56%        N/A       19%         3
 Volatile Blastmotes      Fire/Tloc      38%        2d13      19%         3
 Necrotise                Necr           16%        1d4       36%         1
 Shock                    Conj/Air       16%        1d4       36%         1
 Sting                    Tmut/Pois      16%        1d3       36%         1
 Poisonous Vapours        Pois/Air       8%         N/A       50%         2
 Static Discharge         Conj/Air       8%         2-3/arc   50%         2
 Iskenderun's Mystic Bla  Conj/Tloc      19%        2d6       52%         4
 Dazzling Flash           Conj/Hex       14%        N/A       75%         3
 Inner Flame              Hex/Fire       7%         N/A       75%         3
 Swiftness                Air            4%         N/A       75%         3
 Tukima's Dance           Hex            7%         N/A       75%         3
 Vampiric Draining        Necr           4%         2d6       75%         3
 Airstrike                Air            2%         2d(1-17)  98%         4
 Olgreb's Toxic Radiance  Pois           4%         N/A       98%         4
 Summon Lightning Spire   Summ/Air       4%         N/A       98%         4
 Agony                    Necr           4%         N/A       100%        5
 Alistair's Intoxication  Tmut/Pois      2%         N/A       100%        5
 Blade Hands              Tmut           2%         N/A       100%        5
 Borgnjor's Vile Clutch   Necr/Erth      2%         N/A       100%        5
 Silence                  Hex/Air        3%         N/A       100%        5
 Yara's Violent Unravell  Hex/Tmut       3%         3d4       100%        5
 Eringya's Noxious Bog    Tmut/Pois      2%         N/A       100%        6
 Starburst                Conj/Fire      2%         6d3       100%        6
 Enfeeble                 Hex            3%         N/A       100%        7
 Storm Form               Tmut/Air       2%         N/A       100%        7
 Borgnjor's Revivificati  Necr           2%         N/A       100%        8
 Lehudib's Crystal Spear  Conj/Erth      2%         10d2      100%        8
 Necromutation            Tmut/Necr      2%         N/A       100%        8
 Chain Lightning          Conj/Air       2%         3d2       100%        9
 Death's Door             Necr           2%         N/A       100%        9
 Fire Storm               Conj/Fire      2%         8d1       100%        9
 Shatter                  Erth           2%         3d6*      100%        9


Dungeon Overview and Level Annotations

Branches:
Dungeon (15/15) Zot: 25639  Temple (0/1) D:6            Lair (5/5) D:10 Zot: 21296
  Swamp (4/4) Lair:3 Zot: 18320   Snake (1/4) Lair:2 Zot: 5859   Slime (0/5) Lair:5
    Orc (2/2) D:12 Zot: 10740     Elf (0/3) Orc:2        Vaults (0/5) D:13
 Depths (0/4) D:15         Bailey (visited)         Gauntlet (visited)

Altars:
Ashenzari
Fedhas
Hepliaklqana
Okawaru
Trog
Uskayaw
Wu Jian
Xom
Jiyva
Lugonu

Shops:
D:1 !   D:7 (   D:8 ((   D:10 [[   D:12 [(   Orc:2 ((!*

Portals:
Abyss: Lair:5

Annotations:
D:3 1 runed translucent door, exclusion: orc priest, aeroqp's ghost, amateur DsNe
D:7 2 transporters, Destapler's ghost, novice NaAE
Lair:2 exclusion: 3 doors
Lair:4 3 runed translucent doors, ymhsbmbesitwf's ghost, journeyman MiFi
Snake:1 Mlioglotl


Innate Abilities, Weirdness & Mutations

You have a pair of large horns on your head.
You are mostly covered in yellow scales. (AC +3)
You frequently emit foul miasma when damaged in melee.
You regenerate health from kills.
Your hexes are more powerful.
Your flesh is cold resistant. (rC+)
You are somewhat resistant to further mutation.
You occasionally shout uncontrollably at your foes.


Message History

You emit a cloud of foul miasma!
A starcursed mass splits.
The anaconda is engulfed in dark miasma.
The anaconda looks as sick as possible!
The anaconda seems to slow down.
The anaconda bites you but does no damage.
The anaconda constricts you.
Mlioglotl churns violently!
Mlioglotl corrupts the dungeon around him!
The golden eye blinks at you. You resist with almost no effort.
A deafening chorus of shrieks assaults your mind!
* * * LOW HITPOINT WARNING * * *
The large abomination completely misses you.
You can move again.
You hit Mlioglotl. You burn Mlioglotl.
Mlioglotl is almost dead.
You feel less confused.
The anaconda is no longer moving slowly.
Mlioglotl hits you.
* * * LOW HITPOINT WARNING * * *
You block Mlioglotl's attack.
The golden eye blinks!
The anaconda is engulfed in dark miasma.
The anaconda looks as sick as possible!
The anaconda seems to slow down.
The anaconda barely misses you. The anaconda constricts you.
Okay, then.
You attempt to attack Mlioglotl, but flinch away in fear!
The large abomination hits you!!
* * * LOW HITPOINT WARNING * * *
You block Mlioglotl's attack.
Mlioglotl tramples you but does no damage.
The golden eye blinks at you.
You easily resist.
The anaconda is engulfed in dark miasma.
The anaconda looks as sick as possible!
The anaconda seems to slow down.
The anaconda bites you!
* * * LOW HITPOINT WARNING * * *
The anaconda constricts you.
* * * LOW HITPOINT WARNING * * *
You hear a shout!
Blink to where?
Press: ? - help, Dir - move target The anaconda's grasp on you weakens, but your attempt to escape fails.
As you read the scroll of blinking, it crumbles to dust.
You hear a shout!
Mlioglotl churns violently!
Mlioglotl corrupts the dungeon around him!
The large abomination hits you.
* * * LOW HITPOINT WARNING * * *
A deafening chorus of shrieks assaults your mind!
You die...
Xom cackles wildly!

........ ##.. #......
.... #.....## ...##
#...... ....# #.....
..... # #....###..# ##
.# #....#...###X###.#
#....S.###G{#.#..#####.
#..###.##@X#X..X.......
.?...
#..#XSXXX##.....##
#......
##[#S#XX..#......#
.......
#...#X..#...#..#.
.......
##).#..#.รท.......
....N#S
#..#............
....S..
...#.....#..##..
##.###..... ...# #...
#...... .##


You could see 7 starcursed masses, Mlioglotl (scary), an anaconda (extremely
poisoned, slow), a large abomination (summoned), a black mamba and a golden eye
(summoned).

Vanquished Creatures
  the Lernaean hydra (Swamp:4)
  A caustic shrike zombie (D:15)
  An orc warlord (Orc:2)
  Louise (Snake:1)
  Nessos (D:13)
  A minotaur (Gauntlet)
  4 eleionomae
  3 bunyips
  27 hydras
  4 centaur warriors
  An ice dragon (Lair:1)
  The ghost of tykejmi the Zephyrmancer, a journeyman DgAE (D:12)
  4 boulder beetles
  6 ghost crabs
  6 alligators
  2 two-headed ogres
  9 death yaks
  4 tengu warriors
  A deep elf knight (D:13)
  2 thrashing horrors (Lair:5)
  2 shock serpents
  2 skysharks
  A sixfirhy (Gauntlet)
  7 skeletal warriors (D:15)
  6 goliath frogs
  7 spriggan druids
  9 swamp dragons
  2 necromancers
  5 lindwurms
  8 bog bodies
  7 orc knights
  A phantasmal warrior (D:15)
  2 deep elf pyromancers
  2 orc sorcerers (Orc:2)
  2 will-o-the-wisps
  4 ugly things
  4 manticores
  A sphinx skeleton (D:15)
  A salamander (Lair:2)
  14 elephants
  4 cyclopes
  A smoke demon (Lair:5)
  A frost giant skeleton (D:15)
  A guardian serpent (shapeshifter) (Lair:5)
  11 slime creatures
  A gargoyle (D:12)
  An ice statue (Gauntlet)
  Joseph (D:7)
  9 black mambas
  A naga mage (Lair:2)
  14 cane toads
  An unseen horror (D:11)
  A molten gargoyle (Lair:1)
  5 apocalypse crabs (Swamp:1)
  8 kobold demonologists
  11 komodo dragons
  A tengu conjurer (D:15)
  4 rime drakes
  An efreet (D:14)
  A freezing wraith (D:14)
  3 ancient zymes (Lair:5)
  4 polar bears
  6 trolls
  11 hornets
  6 tyrant leeches
  Prince Ribbit (D:9)
  A bloated husk (Swamp:4)
  29 blink frogs
  4 large abominations (Lair:5)
  A centaur simulacrum (D:14)
  2 ynoxinuls (Lair:5)
  53 yaks
  2 shadows (D:12)
  4 wraiths
  A human (shapeshifter) (D:14)
  2 wyverns
  14 spriggans
  A hog (shapeshifter) (D:15)
  A steam dragon (D:5)
  14 humans (D:13)
  8 vampire mosquitoes
  9 basilisks
  2 chaos spawn (Lair:5)
  A human zombie (D:15)
  16 swamp worms
  3 acid dragons
  2 nagas
  10 wargs
  Edmund (D:6)
  12 water moccasins
  A floating eye (shapeshifter) (Lair:5)
  3 ice beasts
  10 swamp drakes
  3 black bears
  2 sky beasts
  40 orc warriors
  17 centaurs
  24 wolves
  11 kobold brigands
  8 bullfrogs
  3 scorpions
  11 wights
  10 small abominations (Lair:5)
  5 killer bees (D:10)
  4 howler monkeys (D:8)
  8 electric eels
  7 lava snakes
  12 orc priests
  3 hounds
  Crazy Yiuf (D:7)
  A sleepcap (D:7)
  5 iguanas
  20 orc wizards
  Natasha (thrice) (D:4)
  A hell rat (D:10)
  2 adders
  16 gnolls
  A shadow imp (D:6)
  2 ufetubi (Gauntlet)
  A worm (D:2)
  92 orcs
  8 endoplasms
  4 giant cockroaches
  10 goblins
  5 hobgoblins
  23 kobolds
  3 quokkas
  6 ball pythons
  4 bats (D:2)
  A frilled lizard (D:1)
  2 rats (D:10)
862 creatures vanquished.

Vanquished Creatures (others)
  5 bloated husks
  A human (D:13)
  2 foxfires (Swamp:1)
8 creatures vanquished.

Grand Total: 870 creatures vanquished

Notes
Turn   | Place    | Note
-------+----------+-------------------------------------------
     0 | D:1      | GeoRichter the Demonspawn Chaos Knight began the quest for
                  | the Orb.
     0 | D:1      | Reached XP level 1. HP: 18/18 MP: 1/1
     0 | D:1      | Fell from the grace of Xom
    73 | D:1      | Found a faded altar of an unknown god.
    89 | D:1      | Prayed at the altar of an unknown god.
    89 | D:1      | Became a worshipper of the Wu Jian Council
    89 | D:1      | Reached * piety under Wu Jian
   318 | D:1      | Found Zipul's Distillery.
   347 | D:1      | Gained mutation: You may rarely emit foul miasma when
                  | damaged in melee. [demonic ancestry]
   347 | D:1      | Reached XP level 2. HP: 24/24 MP: 2/2
  1063 | D:2      | Gained mutation: You regenerate a little health from kills.
                  | [demonic ancestry]
  1063 | D:2      | Reached XP level 3. HP: 29/29 MP: 3/3
  1420 | D:1      | Bought a potion of curing for 42 gold pieces
  1432 | D:1      | XOM: summons 2 hostile demons
  1609 | D:2      | XOM: summons 1 hostile shadow creature
  1637 | D:2      | XOM: give mutations
  1637 | D:2      | Gained mutation: You are agile. (Dex +4, Str/Int -1) [Xom's
                  | mischief]
  1637 | D:2      | Gained mutation: You have sharp toenails. [Xom's mischief]
  1637 | D:2      | Gained mutation: You have hidden genetic potential. [Xom's
                  | mischief]
  1637 | D:2      | Gained mutation: You have a somewhat thin skeletal
                  | structure. (Dex +2, Stealth+) [Xom's mischief]
  1797 | D:3      | Reached ** piety under Wu Jian
  1931 | D:3      | Reached skill level 1 in Long Blades
  1997 | D:3      | XOM: stat loss: -1 Dex (19/20)
  2014 | D:3      | Found a hazy altar of Hepliaklqana.
  2213 | D:3      | Found a runed translucent door.
  2214 | D:3      | Noticed aeroqp's ghost (amateur DsNe)
  2412 | D:3      | Gained mutation: You are partially covered in yellow
                  | scales. (AC +2) [demonic ancestry]
  2412 | D:3      | Reached XP level 4. HP: 28/37 MP: 4/4
  2607 | D:3      | Gained mutation: Your movements are slightly less
                  | encumbered by armour. (ER -2) [hidden potential]
  2816 | D:3      | Reached skill level 4 in Fighting
  2816 | D:3      | Gained mutation: You regenerate health from kills. [demonic
                  | ancestry]
  2816 | D:3      | Reached XP level 5. HP: 29/42 MP: 5/5
  2943 | D:4      | Gained mutation: You are robust. (+10% HP) [hidden
                  | potential]
  2943 | D:4      | Lost mutation: You have hidden genetic potential. [hidden
                  | potential expressed]
  3022 | D:4      | Noticed Natasha
  3029 | D:4      | Killed Natasha
  3050 | D:4      | Noticed Natasha
  3059 | D:4      | Killed Natasha
  3141 | D:1      | Bought a potion of heal wounds for 70 gold pieces
  3141 | D:1      | Bought a potion of might for 56 gold pieces
  3191 | D:4      | You fall into a shaft and drop 3 floors!
  3240 | D:7      | Reached XP level 6. HP: 44/53 MP: 6/6
  3253 | D:7      | Noticed Joseph
  3253 | D:7      | XOM: 3-stop teleportation journey
  3264 | D:7      | Killed Joseph
  3265 | D:7      | Reached skill level 5 in Fighting
  3265 | D:7      | Reached skill level 5 in Long Blades
  3265 | D:7      | Gained mutation: You have a pair of small horns on your
                  | head. [demonic ancestry]
  3265 | D:7      | Reached XP level 7. HP: 44/61 MP: 7/7
  3353 | D:6      | Noticed a yak
  3353 | D:6      | Noticed a yak
  3354 | D:6      | Noticed a yak
  3380 | D:6      | Noticed a yak
  3388 | D:5      | Entered Level 5 of the Dungeon
  3397 | D:5      | Killed a yak
  3400 | D:5      | XOM: draining
  3527 | D:5      | XOM: 1-stop teleportation journey
  3528 | D:5      | Noticed a steam dragon
  3542 | D:5      | Reached skill level 6 in Fighting
  3561 | D:5      | Killed a steam dragon
  3562 | D:5      | Gained mutation: You sometimes emit foul miasma when
                  | damaged in melee. [demonic ancestry]
  3562 | D:5      | Reached XP level 8. HP: 48/70 MP: 8/8
  3920 | D:5      | Found a broken altar of Ashenzari.
  3922 | D:5      | Found a broken altar of Ashenzari.
  3922 | D:5      | Found a blossoming altar of Fedhas.
  4029 | D:4      | XOM: summons 8 hostile demons
  4201 | D:4      | Noticed Natasha
  4220 | D:4      | Killed Natasha
  4327 | D:4      | Found a hide-covered altar of Uskayaw.
  4452 | D:4      | XOM: give mutations
  4452 | D:4      | Gained mutation: You have a pair of horns on your head.
                  | [Xom's mischief]
  4452 | D:4      | Lost mutation: You have a somewhat thin skeletal structure.
                  | (Dex +2, Stealth+) [Xom's mischief]
  4452 | D:4      | Gained mutation: You occasionally lose the ability to read
                  | scrolls when taking damage. [Xom's mischief]
  4621 | D:5      | XOM: give mutation
  4621 | D:5      | Lost mutation: You are agile. (Dex +4, Str/Int -1) [Xom's
                  | mischief]
  4626 | D:5      | Identified the +6 war axe "Luerekuo" {flame, rF+ Stlth+}
  4669 | D:5      | Reached *** piety under Wu Jian
  4770 | D:5      | XOM: summons 6 hostile demons
  5039 | D:5      | Found a shimmering altar of Xom.
  5039 | D:5      | Found an iron altar of Okawaru.
  5039 | D:5      | Found a shimmering altar of Xom.
  5122 | D:5      | Reached skill level 7 in Fighting
  5323 | D:6      | Gained mutation: You frequently emit foul miasma when
                  | damaged in melee. [demonic ancestry]
  5323 | D:6      | Reached XP level 9. HP: 63/79 MP: 9/9
  5339 | D:6      | XOM: noise
  5458 | D:6      | Found a staircase to the Ecumenical Temple.
  5500 | D:6      | XOM: give mutations
  5500 | D:6      | Gained mutation: Armour fits poorly on your strangely
                  | shaped body. [Xom's mischief]
  5500 | D:6      | Lost mutation: You are robust. (+10% HP) [Xom's mischief]
  5500 | D:6      | Gained mutation: You have hidden genetic defects. [Xom's
                  | mischief]
  5501 | D:6      | Reached skill level 8 in Fighting
  5582 | D:6      | XOM: cloud trail
  5710 | D:6      | Noticed Edmund
  5770 | D:6      | Killed Edmund
  6265 | D:7      | Found Anergh's Antique Weapon Shoppe.
  6381 | D:7      | Found an iron altar of Okawaru.
  6815 | D:7      | Gained mutation: You are frail. (-10% HP) [hidden defects]
  6823 | D:7      | Lost mutation: You have sharp toenails. [potion of
                  | mutation]
  6823 | D:7      | Lost mutation: Your movements are slightly less encumbered
                  | by armour. (ER -2) [potion of mutation]
  6823 | D:7      | Gained mutation: You occasionally shout uncontrollably at
                  | your foes. [potion of mutation]
  6823 | D:7      | Gained mutation: Your flesh is cold resistant. (rC+)
                  | [potion of mutation]
  6824 | D:7      | Lost mutation: You are frail. (-10% HP) [potion of
                  | mutation]
  6824 | D:7      | Lost mutation: You have a pair of horns on your head.
                  | [potion of mutation]
  6824 | D:7      | Lost mutation: Your flesh is cold resistant. (rC+) [potion
                  | of mutation]
  6824 | D:7      | Lost mutation: You have hidden genetic defects. [potion of
                  | mutation]
  6824 | D:7      | Gained mutation: You are somewhat resistant to further
                  | mutation. [potion of mutation]
  6824 | D:7      | Gained mutation: Your flesh is cold resistant. (rC+)
                  | [potion of mutation]
  6825 | D:7      | Lost mutation: You occasionally lose the ability to read
                  | scrolls when taking damage. [potion of mutation]
  6825 | D:7      | Lost mutation: Armour fits poorly on your strangely shaped
                  | body. [potion of mutation]
  6940 | D:7      | Found a transporter.
  6948 | D:7      | Identified the +11 dire flail of Courage {pain, rC+ Will+
                  | Str+4}
  6948 | D:7      | Identified the +1 great mace of the Big Bang {freeze, SInv}
  6948 | D:7      | Noticed a two-headed ogre
  6948 | D:7      | Noticed Destapler's ghost (novice NaAE)
  6952 | D:7      | Found a transporter.
  6993 | D:7      | Found a runed translucent door.
  6994 | D:7      | Noticed Crazy Yiuf
  7000 | D:7      | Killed Crazy Yiuf
  7014 | D:7      | Identified the +10 hammer "Vohasemu" {heavy, rF+ rN++
                  | Str+3}
  7112 | D:8      | Reached skill level 10 in Long Blades
  7198 | D:8      | Found Nagam's Weapon Shop.
  7228 | D:8      | Found a flagged portal.
  7239 | D:8      | Reached **** piety under Wu Jian
  7264 | Bailey   | Entered a bailey
  7296 | Bailey   | XOM: silly message
  7459 | Bailey   | Reached XP level 10. HP: 66/74 MP: 10/10
  7559 | D:8      | Reached skill level 9 in Fighting
  7595 | D:8      | XOM: noise
  7680 | D:8      | Found Ucoujics's Antique Weapon Shoppe.
  7791 | D:8      | Was forgiven by Xom
  7846 | D:8      | Reached ***** piety under Wu Jian
  8384 | D:9      | Noticed Prince Ribbit
  8395 | D:9      | Killed Prince Ribbit
  8396 | D:9      | Reached skill level 1 in Evocations
  8451 | D:9      | Noticed a lindwurm
  8682 | D:9      | Noticed a lindwurm
  8761 | D:9      | Noticed a manticore
  8765 | D:9      | Killed a manticore
  8927 | D:9      | Noticed a lindwurm
  8944 | D:9      | Killed a lindwurm
  8944 | D:9      | Noticed a lindwurm
  8946 | D:9      | Killed a lindwurm
  8947 | D:9      | Reached skill level 10 in Fighting
  8960 | D:9      | Killed a lindwurm
  8962 | D:9      | Killed a lindwurm
  8963 | D:9      | Reached XP level 11. HP: 75/90 MP: 11/11
  9112 | D:9      | Reached skill level 1 in Dodging
  9207 | D:10     | Entered Level 10 of the Dungeon
  9207 | D:10     | Found Mawien's Antique Armour Emporium.
  9214 | D:10     | Bought a pair of runed gloves for 187 gold pieces
  9406 | D:10     | Found Boeliun's Antique Armour Shop.
  9433 | D:10     | Noticed a death yak
  9434 | D:10     | Found a staircase to the Lair.
  9434 | D:10     | Noticed a death yak
  9463 | D:10     | Killed a death yak
  9705 | D:10     | Noticed a death yak
  9748 | D:10     | Killed a death yak
  9768 | D:10     | Killed a death yak
 10290 | Lair:1   | Entered Level 1 of the Lair of Beasts
 10383 | Lair:1   | Noticed an ice dragon
 10409 | Lair:1   | Killed an ice dragon
 10751 | Lair:1   | Reached skill level 11 in Fighting
 10860 | Lair:1   | Gained mutation: You have a pair of horns on your head.
                  | [demonic ancestry]
 10860 | Lair:1   | Reached XP level 12. HP: 92/100 MP: 9/12
 11983 | Lair:2   | Reached skill level 5 in Armour
 12276 | Lair:2   | Noticed a six-headed hydra
 12285 | Lair:2   | Killed a six-headed hydra
 12286 | Lair:2   | Reached skill level 5 in Dodging
 12657 | Lair:2   | Reached skill level 1 in Throwing
 12657 | Lair:2   | Found a staircase to the Snake Pit.
 12727 | Lair:2   | Noticed a five-headed hydra
 13453 | Lair:3   | Reached ****** piety under Wu Jian
 13508 | Lair:3   | Reached skill level 12 in Fighting
 13672 | Lair:3   | Noticed a seven-headed hydra
 13673 | Lair:3   | Noticed a six-headed hydra
 13942 | Lair:3   | Killed a four-headed hydra
 14019 | Lair:3   | Killed a three-headed hydra
 14195 | Lair:3   | Found a staircase to the Swamp.
 14518 | Lair:2   | Reached XP level 13. HP: 108/108 MP: 13/13
 15344 | Lair:4   | Reached skill level 5 in Throwing
 15410 | Lair:4   | Found a runed translucent gate.
 15458 | Lair:4   | Found a runed translucent gate.
 15459 | Lair:4   | Found a runed translucent gate.
 16185 | Lair:4   | Noticed ymhsbmbesitwf's ghost (journeyman MiFi)
 16207 | Lair:5   | Entered Level 5 of the Lair of Beasts
 16378 | Lair:5   | Reached skill level 13 in Fighting
 16635 | Lair:5   | Found a viscous altar of Jiyva.
 16635 | Lair:5   | Found a staircase to the Slime Pits.
 16671 | Lair:5   | Reached skill level 10 in Dodging
 17078 | Lair:5   | Reached XP level 14. HP: 115/118 MP: 14/14
 17819 | Lair:5   | Reached skill level 5 in Evocations
 18179 | Lair:5   | Identified the +3 chain mail of Hairiness {Contam rPois
                  | rF+++ Dex-4}
 18375 | Lair:5   | Found a corrupted altar of Lugonu.
 18375 | Lair:5   | Found a one-way gate to the infinite horrors of the Abyss.
 18671 | D:11     | Found a gate leading to a gauntlet.
 18697 | Gauntlet | Entered a Gauntlet
 18697 | Gauntlet | Found a transporter.
 18697 | Gauntlet | Found a runed translucent door.
 18697 | Gauntlet | Found a transporter.
 18699 | Gauntlet | Found a runed translucent door.
 18709 | Gauntlet | Found a transporter.
 18726 | Gauntlet | Found the +7 great mace "Undeadhunter" {deathbane, rN+}
 18727 | Gauntlet | Found a transporter.
 18727 | Gauntlet | Found a transporter.
 18727 | Gauntlet | Found a transporter.
 18729 | Gauntlet | Found a transporter.
 18729 | Gauntlet | Found a transporter.
 18744 | Gauntlet | Found a transporter.
 18759 | Gauntlet | Found a transporter.
 18768 | Gauntlet | Found a runed translucent gate.
 18769 | Gauntlet | Found a transporter.
 18769 | Gauntlet | Found a runed translucent gate.
 18770 | Gauntlet | Found a runed translucent gate.
 18774 | Gauntlet | Found a transporter.
 18813 | Gauntlet | Found a transporter.
 18815 | Gauntlet | Found a runed translucent door.
 18821 | Gauntlet | Found a runed translucent door.
 18825 | Gauntlet | Found a transporter.
 18905 | Gauntlet | Gained mutation: You have a pair of large horns on your
                  | head. [demonic ancestry]
 18905 | Gauntlet | Reached XP level 15. HP: 125/125 MP: 15/15
 18950 | Gauntlet | Reached skill level 14 in Fighting
 18958 | Gauntlet | Identified the amulet of Selumorgh {+Inv rElec rF- Regen+
                  | Int+3}
 19180 | Gauntlet | Identified the +1 ring mail of Autotheism {rElec Int+3}
 19263 | D:11     | Learned a level 2 spell: Blink
 19268 | D:11     | Learned a level 4 spell: Manifold Assault
 19662 | D:12     | Reached skill level 1 in Translocations
 19957 | D:12     | Reached skill level 1 in Spellcasting
 20250 | D:12     | Found Ydolelo's Weapon Shoppe.
 20261 | D:12     | Found a staircase to the Orcish Mines.
 20338 | D:12     | Found Fyofysio's Armour Shoppe.
 20434 | D:12     | Found a runed translucent gate.
 20434 | D:12     | Found a runed translucent gate.
 20434 | D:12     | Noticed tykejmi's ghost (journeyman DgAE)
 20435 | D:12     | Found a runed translucent gate.
 20878 | D:12     | Killed tykejmi's ghost
 20983 | Orc:1    | Entered Level 1 of the Orcish Mines
 21245 | Orc:2    | Entered Level 2 of the Orcish Mines
 21312 | Orc:2    | Found a staircase to the Elven Halls.
 21411 | Orc:2    | Gained mutation: You are mostly covered in yellow scales.
                  | (AC +3) [demonic ancestry]
 21411 | Orc:2    | Reached XP level 16. HP: 133/133 MP: 19/19
 21475 | Orc:2    | Found Sadghumo's Antique Weapon Boutique.
 21478 | Orc:2    | Found Ipnofy's Weapon Emporium.
 21511 | Orc:2    | Found Baoshots's Assorted Antiques.
 21511 | Orc:2    | Found Ciethol's Distillery.
 21663 | Orc:2    | Bought a potion of heal wounds for 70 gold pieces
 21663 | Orc:2    | Bought a potion of haste for 140 gold pieces
 21663 | Orc:2    | Bought a potion of might for 56 gold pieces
 21663 | Orc:2    | Bought a potion of might for 56 gold pieces
 22281 | D:13     | Noticed Nessos
 22281 | D:13     | Found a gate to the Vaults.
 22606 | D:13     | Killed Nessos
 22891 | D:13     | Reached skill level 5 in Translocations
 23712 | D:14     | Found a bloodstained altar of Trog.
 23955 | D:15     | Entered Level 15 of the Dungeon
 24113 | D:15     | Found a staircase to the Depths.
 25446 | Swamp:1  | Entered Level 1 of the Swamp
 25795 | Swamp:1  | Found a runed translucent door.
 25914 | Swamp:1  | Reached skill level 15 in Fighting
 26545 | Swamp:1  | Reached skill level 5 in Spellcasting
 26980 | Swamp:1  | Paralysed by you for 3 turns
 27012 | Swamp:1  | Paralysed by you for 2 turns
 27149 | Swamp:1  | Gained mutation: Your hexes are more powerful. [demonic
                  | ancestry]
 27149 | Swamp:1  | Reached XP level 17. HP: 140/141 MP: 24/24
 27193 | Swamp:1  | Identified the +1 leather armour "Hovueka" {Contam Harm rC+
                  | Str+2}
 29676 | Swamp:4  | Entered Level 4 of the Swamp
 30382 | Swamp:4  | Identified the +1 hand axe of Urgency {speed, rPois rF+
                  | rN++}
 30473 | Swamp:4  | Noticed the 27-headed Lernaean hydra
 30606 | Swamp:4  | Killed the 20-headed Lernaean hydra
 30607 | Swamp:4  | Reached skill level 16 in Fighting
 30846 | Swamp:4  | Got a decaying rune of Zot
 31071 | Snake:1  | Entered Level 1 of the Snake Pit
 31116 | Snake:1  | Noticed Louise
 31275 | Snake:1  | Killed Louise
 31410 | Snake:1  | Noticed Mlioglotl
 31484 | Snake:1  | Paralysed by accursed screaming for 1 turns
 31487 | Snake:1  | HP: 7/144 [anaconda (12)]
 31488 | Snake:1  | HP: 1/144 [large abomination[Mlioglotl] (4)]
 31488 | Snake:1  | Killed from afar by a starcursed mass

Illustrated notes

Levels and vault maps discovered:
D:1:      saegor_arrival_simple_b, layout_basic, serial_shops,
          nicolae_shop_rolling_square, hellmonk_ecumenical_altar_crossroads
D:2:      layout_basic
D:3:      layout_basic, dreamdust_divine_triumvirate,
          mainiacjoe_overflow_brackets, serial_aquarium,
          aquarium_bridge_island_small [aquarium_subvault_small_open,
          aquarium_subvault_bridge, aquarium_subvault_window,
          aquarium_subvault_wall, aquarium_subvault_window],
          aquarium_bridge_long_joined [aquarium_subvault_wall,
          aquarium_subvault_wall, aquarium_subvault_window,
          aquarium_subvault_bridge, aquarium_subvault_wall,
          aquarium_subvault_balcony], aquarium_window_1, aquarium_window_3,
          aquarium_window_1, aquarium_view_2d, aquarium_pool_side,
          gammafunk_ghost_grave, guppyfry_early_orc_mine
D:4:      layout_loops_cross, nicolae_uskayaw_suspiria, uniq_natasha
D:5:      layout_loops_ring, doesnt_xom_only_xom, minivault_24,
          serial_bayou_lake_a
D:6:      layout_layer_cave, minmay_temple_entry_wispy, grunt_ministairs_2,
          uniq_edmund
D:7:      layout_basic, mainiacjoe_overflow_small_starburst, serial_shops,
          nicolae_shop_trees, gammafunk_ghost_smash, uniq_crazy_yiuf_cottage,
          uniq_joseph
D:8:      nicolae_cairo_tiling_large, layout_basic, serial_shops,
          nicolae_shop_stone, enter_bailey_5, kennysheep_windowed_goal
D:9:      layout_roguey, minmay_lindwurm_lava, uniq_prince_ribbit1
D:10:     layout_basic, dpeg_lair_monsters, serial_shops,
          nicolae_shop_hallway_plus, shop
D:11:     layout_rooms, gauntlet_entry_generic, nicolae_figureground_sparkle
D:12:     layout_rooms, orc_david_3, gammafunk_ghost_hydra_chop, minivault_5,
          moated_statue
D:13:     layout_rooms, david_vaults_3
D:14:     layout_gridville, trog_ov_bears_minmay
D:15:     gammafunk_depths_entry_grave, layout_long_grid, serial_bayou_pond_c,
          minmay_large_rounded_square
Lair:1:   dragon1_lemuel, layout_gridlike, nicolae_lair_liquid_snakes,
          infiniplex_staircase_pool_2, grunt_megastairs_2
Lair:2:   nzn_winding_woodlands_stair_trap
          [nzn_winding_woodlands_5x15_concentric,
          nzn_winding_woodlands_5x15_longhouse, nzn_winding_woodlands_5x15_pool,
          nzn_winding_woodlands_15x15_killbox,
          nzn_winding_woodlands_5x15_lazy_stream,
          nzn_winding_woodlands_5x15_zeroes,
          nzn_winding_woodlands_5x15_sawtooth], layout_long_grid,
          nicolae_snake_entry_warm_welcome, beast_lair_carwin_2
Lair:3:   statuecave_lemuel, layout_regular_city, palyth_hydra_swamp_entry,
          infiniplex_staircase_pool, uniq_nessos
Lair:4:   layout_layer_cave, gammafunk_ghost_necromancy
Lair:5:   hellmonk_lair_end_abyssal_woods, layout_big_grid, slime_entry_1
Swamp:1:  gammafunk_mikee_crab_dinner, layout_basic_swamp,
          evilmike_swamp_ruin_house_1, swamp_pool1, hangedman_swamp_lotus,
          statue_in_the_mist_lemuel
Swamp:2:  layout_basic_swamp, evilmike_swamp_ruin_house_6
Swamp:3:  layout_basic_swamp, serial_swamp_ruin, evilmike_swamp_ruin_rubble_2,
          hangedman_swamp_ruin_wall, swamp_pool2
Swamp:4:  swamp_basic_johnstein, layout_basic_swamp, ldierk_geyser
Snake:1:  layout_onion_interference, serial_shops, nicolae_shop_real_fake_doors,
          nicolae_shop_i_like_small_books_too, beargit_elvish_explorers,
          lemuel_fruit_tree, uniq_louise, uniq_mlioglotl
Orc:1:    layout_caves
Orc:2:    st_orc_town, layout_diamond_mine

Skill      XL: |  1  2  3  4  5  6  7  8  9 10 11 12 13 14 15 16 17 |
---------------+----------------------------------------------------+-----
Polearms       | 3 |  3.6
Long Blades    | 1 2 3 5 6 8 10 12 13 14 | 14.9
Fighting       | 4 5 6 7 8 10 11 12 13 14 15 16 | 16.0
Evocations     | 4 7 8 |  8.0
Dodging        | 3 7 10 12 13 14 | 14.3
Armour         | 4 5 6 |  6.6
Throwing       | 3 6 |  6.0
Translocations | 3 7 9 |  9.0
Spellcasting   | 2 5 6 |  6.0

Action                     |  1- 3 |  4- 6 |  7- 9 | 10-12 | 13-15 | 16-18 || total
---------------------------+-------+-------+-------+-------+-------+-------++-------
  Melee: Spear             |    95 |       |       |       |       |       ||    95
         Dagger            |    44 |    92 |   421 |     6 |       |       ||   563
         Kick              |    11 |    25 |   113 |       |       |       ||   149
         Headbutt          |       |       |   119 |   166 |   285 |   327 ||   897
         Punch             |       |       |     4 |       |       |       ||     4
         Scimitar          |       |       |    62 |   729 |  1115 |  1336 ||  3242
  Throw: Dart              |       |       |       |    17 |       |       ||    17
         Javelin           |       |       |       |     2 |     6 |     2 ||    10
   Cast: Manifold Assault  |       |       |       |       |       |    40 ||    40
 Invoke: Renounce Religion |     1 |       |       |       |       |       ||     1
         Serpent's Lash    |       |       |       |       |     1 |     1 ||     2
         Heavenly Storm    |       |       |       |       |     1 |     1 ||     2
Ability: Whirlwind         |    20 |    11 |    27 |   164 |   360 |   329 ||   911
         Lunge             |     9 |     4 |    40 |    51 |    63 |    78 ||   245
         Wall Jump         |       |       |     1 |     6 |     2 |     1 ||    10
  Evoke: Wand              |       |       |       |    45 |     8 |     7 ||    60
         Lightning rod     |       |       |       |       |     1 |       ||     1
    Use: Scroll            |     4 |     1 |    12 |     6 |     8 |     9 ||    40
         Potion            |       |     1 |     4 |     2 |     6 |     8 ||    21
   Stab: Confused          |     1 |       |       |       |       |       ||     1
         Sleeping          |     3 |     3 |    13 |     1 |       |     1 ||    21
         Distracted        |       |       |     1 |       |       |       ||     1
         Invisible         |       |       |       |       |     3 |       ||     3
 Armour: Ring mail         |    23 |       |       |       |       |       ||    23
         Leather armour    |     3 |    26 |    17 |       |       |       ||    46
         Steam dragon scal |       |       |   118 |    89 |       |       ||   207
         Acid dragon scale |       |       |       |   190 |   333 |   322 ||   845
         Swamp dragon scal |       |       |       |       |       |    95 ||    95
  Dodge: Dodged            |    37 |    34 |   205 |   304 |   595 |   882 ||  2057
  Block: Buckler           |       |       |    62 |   126 |   199 |   276 ||   663
